 Dungeon Crawl Stone Soup version 0.25.1-2-g60ff931df9 (webtiles) character file.

Game seed: 6803809133967195426

422 nikku the Sneak (level 6, -4/32 HPs)
             Began as a Spriggan Assassin on Aug 24, 2020.
             Was an Initiate of Dithmenos.
             Killed from afar by an orc wizard (8 damage)
             ... with a magic dart
             ... on level 5 of the Dungeon.
             The game lasted 00:12:12 (6322 turns).

nikku the Sneak (Spriggan Assassin)                 Turns: 6322, Time: 00:12:12

Health: -4/32      AC:  3    Str:  9    XL:     6   Next: 63%
Magic:  7/7        EV: 19    Int: 13    God:    Dithmenos [......]
Gold:   153        SH:  0    Dex: 17    Spells: 5/5 levels left

rFire    . . .     SeeInvis +   a - +2 dagger
rCold    . . .     Gourm    .   (shield restricted)
rNeg     . . .     Faith    .   o - +0 robe
rPois    .         Spirit   .   (helmet restricted)
rElec    .         Reflect  .   c - +0 cloak
rCorr    .         Harm     .   (gloves unavailable)
MR       +....                  (boots unavailable)
Stlth    ++++......             (no amulet)
HPRegen  0.10/turn              (no ring)
MPRegen  0.10/turn              (no ring)

@: slowed, quick
A: very small, unfitting armour, see invisible, herbivore, speed 3, slow
metabolism 2
a: Renounce Religion


You were on level 5 of the Dungeon.
You worshipped Dithmenos.
Dithmenos was noncommittal.
You were very hungry.

You visited 2 branches of the dungeon, and saw 6 of its levels.

You collected 213 gold pieces.
You spent 60 gold pieces at shops.

Inventory:

Hand Weapons
 a - a +2 dagger (weapon)
 b - a +0 hunting sling
Missiles
 d - 31 poisoned darts (quivered)
 e - 9 curare-tipped darts
 k - 26 sling bullets
Armour
 c - a +0 cloak (worn)
 o - a +0 robe (worn)
Wands
 l - a wand of enslavement (5)
 s - a wand of random effects (18)
 x - a wand of flame (14)
Scrolls
 g - 2 scrolls of remove curse
 i - 3 scrolls of magic mapping
 t - a scroll of teleportation
 u - 2 scrolls of blinking
Potions
 h - a potion of mutation
 j - 2 potions of curing
 m - a potion of might
 n - 4 potions of heal wounds
 p - a potion of stabbing
 q - a potion of flight {unknown}
 r - a potion of haste
Comestibles
 f - 12 rations


   Skills:
 * Level 3.4 Fighting
 + Level 3.7 Short Blades
 + Level 1.7(3.1) Slings
 + Level 3.3(3.5) Throwing
 + Level 4.0 Dodging
 + Level 7.3 Stealth


You had 5 spell levels left.
You didn't know any spells.
Your spell library contained the following spells:

 Spells                   Type           Power        Failure   Level  Hunger
 Magic Dart               Conj           #...         30%         1    ##.....
 Blink                    Tloc           N/A          43%         2    ###....
 Call Imp                 Summ           #.......     43%         2    ###....
 Slow                     Hex            #.......     43%         2    ###....
 Conjure Flame            Conj/Fire      #.......     67%         3    ####...
 Mephitic Cloud           Conj/Pois/Air  #.......     67%         3    ####...


Dungeon Overview and Level Annotations

Branches:
Dungeon (5/15)             Temple (1/1) D:4

Altars:
Ashenzari
Cheibriados
Dithmenos
Fedhas
Gozag
Hepliaklqana
Kikubaaqudgha
Makhleb
Nemelex Xobeh
Ru
Trog
Uskayaw
Wu Jian
Xom
Yredelemnul
Zin
The Shining One

Shops:
D:5 !

Annotations:
D:3 2 runed translucent doors, ZZKoverts's ghost, amateur MfGl


Innate Abilities, Weirdness & Mutations

You are very small and have problems with some larger weapons.
You are too small for most types of armour.
You have supernaturally acute eyesight. (SInv)
You are a herbivore.
You cover ground extremely quickly.
You need to consume almost no food.


Message History

The orc misses you.
The orc wizard hits you with a +0 dagger.
You closely miss the orc wizard.
The orc wizard is heavily wounded.
The orc wizard barely misses you. The orc completely misses you.
You hit the orc wizard.
The orc wizard is severely wounded.
The orc wizard barely misses you. The orc barely misses you.
You hit the orc wizard.
The orc wizard is severely wounded.
The orc wizard hits you with a +0 dagger.
The orc wizard points at you and mumbles some strange words.
You feel yourself slow down.
You hit the orc wizard.
The orc wizard is almost dead.
The orc hits you with a +0 hand axe!
* * * LOW HITPOINT WARNING * * *
The orc wizard gestures at you while chanting.
The magic dart hits you!
You die...

##### ##.#########...#
###
...............#####.##
..####o####..........#
#[@.# #...#####.##
#...o.###### #.#
##.).## #.# ##.## #.#
#.# #.# #.# #.# #+#
########.# #......#.#
#.(..#.#


You could see an orc wizard (fast) and an orc.

Vanquished Creatures
  A centaur (D:5)
  3 iguanas
  2 worker ants (D:4)
  4 gnolls (D:3)
  9 adders
  An ooze (D:1)
  An adder skeleton (D:3)
  2 worms
  3 dart slugs
  2 leopard geckos
  2 orcs
  3 giant cockroaches (D:1)
  15 goblins
  9 hobgoblins
  2 jackals (D:2)
  2 quokkas (D:3)
  A ball python (D:3)
  9 bats
  5 frilled lizards
  7 kobolds
  8 rats
91 creatures vanquished.

Notes
Turn   | Place    | Note
-------+----------+-------------------------------------------
     0 | D:1      | nikku the Spriggan Assassin began the quest for the Orb.
     0 | D:1      | Reached XP level 1. HP: 10/10 MP: 2/2
   213 | D:1      | Reached XP level 2. HP: 8/15 MP: 3/3
   221 | D:1      | Reached skill level 6 in Stealth
  1025 | D:2      | Reached XP level 3. HP: 17/18 MP: 4/4
  1605 | D:2      | Reached XP level 4. HP: 23/23 MP: 5/5
  1655 | D:2      | Found a hide-covered altar of Uskayaw.
  2643 | D:3      | Found a runed translucent door.
  2649 | D:3      | Noticed ZZKoverts's ghost (amateur MfGl)
  2753 | D:3      | Reached XP level 5. HP: 23/27 MP: 6/6
  2944 | D:3      | Found a runed translucent door.
  4449 | D:4      | Reached skill level 1 in Slings
  4449 | D:4      | Reached skill level 7 in Stealth
  4453 | D:4      | Reached XP level 6. HP: 32/32 MP: 7/7
  4716 | D:4      | Found a staircase to the Ecumenical Temple.
  4917 | Temple   | Entered the Ecumenical Temple
  5016 | Temple   | Became a worshipper of Dithmenos the Shadowed
  5524 | D:5      | Entered Level 5 of the Dungeon
  5904 | D:5      | Found Moudimmu's Distillery.
  6128 | D:5      | Bought a potion of heal wounds for 60 gold pieces
  6322 | D:5      | Killed from afar by an orc wizard

Illustrated notes

Levels and vault maps discovered:
D:1:      shiori_arrival_maze, layout_loops_ring, hex_medium,
          minmay_tetromino_l4
D:2:      layout_loops_cross, eat_drink_and_be_merry_uskayaw, first_ration,
          chequers_serial_rivers_micro_a
D:3:      layout_loops_ring, ebering_ghost_sewer_f, minmay_pentangle
D:4:      layout_loops_corners, lemuel_temple_firewalk_b
D:5:      layout_loops_corners, serial_shops, shop, uniq_pikel
Temple:   lightli_temple_of_artemis

Skill      XL: |  1  2  3  4  5  6 |
---------------+-------------------+-----
Stealth        | 6 7 |  7.3
Dodging        | 2 3 4 |  4.0
Fighting       | 2 3 |  3.4
Short Blades   | 3 |  3.7
Throwing       | 3 |  3.3
Slings         | 1 |  1.7

Action                   |  1- 3 |  4- 6 || total
-------------------------+-------+-------++-------
Melee: Dagger            |    78 |   247 ||   325
Throw: Dart              |     5 |    55 ||    60
Evoke: Wand              |       |     2 ||     2
  Use: Scroll            |     7 |     6 ||    13
       Potion            |       |     1 ||     1
 Stab: Sleeping          |    15 |    12 ||    27
  Eat: Ration            |       |     1 ||     1
Armor: Robe              |    11 |    15 ||    26
Dodge: Dodged            |    47 |   182 ||   229
